 Dungeon Crawl Stone Soup version 0.31.0-9-g3a7656b989 (webtiles) character file.

Game seed: 15380464709661507303

105057 Amplified the Eclecticist (level 15, -14/124 HPs)
             Began as a Mummy Alchemist on Jan 30, 2024.
             Was an Initiate of Gozag.
             Demolished by an enormous slime creature (74 damage)
             ... on level 15 of the Dungeon.
             The game lasted 00:58:52 (23316 turns).

Amplified the Eclecticist (Mummy Alchemist)        Turns: 23316, Time: 00:58:53

Health: -14/124    AC: 16    Str: 18    XL:     15   Next: 65%
Magic:  26/35      EV: 20    Int: 15    God:    Gozag
Gold:   3028       SH:  0    Dex: 18    Spells: 32/46 levels left

rFire   x . .        l - +6 lajatang of Woe {flame, *Rage Fly rElec Dex+5}
rCold   + . .        (shield currently unavailable)
rNeg    + + +        n - +1 ring mail {Will+}
rPois   ∞            s - +2 helmet
rElec   +            B - +2 cloak {Will+}
rCorr   +            D - +0 pair of gloves
SInv    .            F - +0 pair of boots
Will    ++++.        e - amulet of regeneration
Stlth   +            G - ring "Gar Damo" {Will+ rCorr}
HPRegen 1.20/turn    j - +5 ring of evasion
MPRegen 0.24/turn

%: faith
@: about to teleport, flying, studying Staves
A: cold resistance 1, negative energy resistance 3, torment resistance 2, heat
vulnerability 1, in touch with death 2, no potions, faith
a: Renounce Religion, Potion Petition, Call Merchant, Bribe Branch


You were on level 15 of the Dungeon.
You worshipped Gozag.
Gozag was most pleased with you.
You visited 4 branches of the dungeon, and saw 23 of its levels.
You visited the Abyss 1 time.
You also visited: Ossuary and Ice Cave.

You collected 7256 gold pieces.
You spent 1280 gold pieces at shops.
You paid 2948 gold pieces to Gozag.

Inventory:

Hand Weapons
 g - a +4 spear
 l - the +6 lajatang of Woe (weapon) {flame, *Rage Fly rElec Dex+5}
   (You acquired it on level 4 of the Dungeon)

   Dex+5:     It affects your dexterity (+5).
   rElec:     It insulates you from electricity.
   Fly:       It grants you flight.
   *Rage:     It berserks you when you make melee attacks (+20% chance).
 H - the +9 flail "Deaqyifu" {flame, rC+}
   (You found it in an ice cave)

   rC+:       It protects you from cold.
Missiles
 d - 3 throwing nets
 t - 4 curare-tipped darts (quivered)
 A - 2 javelins
Armour
 n - a +1 ring mail of willpower (worn)
 s - a +2 helmet (worn)
 B - a +2 cloak of willpower (worn)
 D - a +0 pair of gloves (worn)
 F - a +0 pair of boots (worn)
Jewellery
 a - a ring of fire
 c - a ring of protection from cold
 e - an amulet of regeneration (around neck)
 j - a +5 ring of evasion (right hand)
 p - a +4 ring of protection
 G - the ring "Gar Damo" (left hand) {Will+ rCorr}
   (You found it in an ice cave)

   [ring of resist corrosion]

   Will+:     It increases your willpower.
   rCorr:     It protects you from acid and corrosion.
Talismans
 f - a flux talisman
Wands
 b - a wand of iceblast (8)
 m - a wand of charming (20)
 z - a wand of quicksilver (9)
 C - a wand of flame (10)
 E - a wand of mindburst (4)
Scrolls
 h - 4 scrolls of poison
 i - 2 scrolls of vulnerability
 k - 2 scrolls of torment
 o - 3 scrolls of enchant weapon
 q - 3 scrolls of immolation
 r - 6 scrolls of amnesia
 v - 7 scrolls of noise
 w - a scroll of revelation
 x - 2 scrolls of fog
 y - 18 scrolls of identify


   Skills:
 * Level 13.3 Fighting
 - Level 1.1(8.6) Maces & Flails
 - Level 1.6(8.7) Polearms
 * Level 13.3(13.4) Staves
 * Level 7.1 Armour
 * Level 7.4 Dodging
 - Level 1.5 Stealth
 * Level 16.1 Spellcasting
 - Level 0.7 Conjurations
 + Level 6.6 Fire Magic
 - Level 8.4 Alchemy


You had 32 spell levels left.
You knew the following spells:

 Your Spells              Type           Power      Damage    Failure   Level
a - Sting                 Conj/Alch      100%       1d9       1%          1
b - Mercury Vapours       Alch/Air       48%        N/A       2%          2
c - Olgreb's Toxic Radia  Alch           37%        N/A       2%          4
d - Sticky Flame          Fire/Alch      34%        2d7       3%          4
e - Frozen Ramparts       Ice            24%        1d4       26%         3

Your spell library contained the following spells:

 Spells                   Type           Power      Damage    Failure   Level
 Magic Dart               Conj           56%        1d5       6%          1
 Volatile Blastmotes      Fire/Tloc      44%        2d13      6%          3
 Mephitic Cloud           Conj/Alch/Air  21%        N/A       8%          3
 Freeze                   Ice            48%        1d6       9%          1
 Searing Ray              Conj           28%        2d5       10%         2
 Fulminant Prism          Conj/Alch      12%        3d8       13%         4
 Leda's Liquefaction      Alch/Erth      12%        N/A       16%         4
 Petrify                  Alch/Erth      24%        N/A       16%         4
 Dazzling Flash           Conj/Hex       26%        N/A       22%         3
 Hailstorm                Conj/Ice       13%        3d6       22%         3
 Summon Blazeheart Golem  Fire/Summ      22%        N/A       22%         4
 Summon Ice Beast         Ice/Summ       12%        N/A       26%         3
 Tukima's Dance           Hex            12%        N/A       26%         3
 Iskenderun's Mystic Bla  Conj/Tloc      13%        2d5       58%         4
 Dimensional Bullseye     Hex/Tloc       6%         N/A       63%         4
 Freezing Cloud           Conj/Ice/Air   6%         6-21      91%         5
 Lee's Rapid Deconstruct  Erth           6%         3d6*      93%         5
 Metabolic Englaciation   Hex/Ice        6%         N/A       93%         5
 Summon Mana Viper        Hex/Summ       12%        N/A       93%         5
 Sculpt Simulacrum        Ice/Alch       12%        N/A       93%         6
 Starburst                Conj/Fire      11%        6d5       96%         6
 Bombard                  Conj/Erth      6%         9d2       100%        6
 Monstrous Menagerie      Summ           6%         N/A       100%        7
 Orb of Destruction       Conj           7%         9d6       100%        7
 Ozocubu's Refrigeration  Ice            6%         4d8       100%        7
 Spellforged Servitor     Conj/Summ      6%         N/A       100%        7
 Maxwell's Capacitive Co  Air            6%         ∞         100%        8


Dungeon Overview and Level Annotations

Branches:
Dungeon (15/15)            Temple (1/1) D:6            Lair (5/5) D:9
  Swamp (0/4) Lair:2        Snake (0/4) Lair:3        Slime (0/5) Lair:5
    Orc (2/2) D:12            Elf (0/3) Orc:2        Vaults (0/5) D:14
Ossuary (visited)           IceCv (visited)
 Depths: D:15

Altars:
Ashenzari
Cheibriados
Dithmenos
Fedhas
Gozag
Hepliaklqana
Kikubaaqudgha
Makhleb
Nemelex Xobeh
Okawaru
Qazlal
Ru
Sif Muna
Trog
Uskayaw
Vehumet
Wu Jian
Xom
Yredelemnul
Jiyva

Shops:
D:4 ((   Orc:2 :

Annotations:
D:4 Early scythem
D:10 Erolcha
D:15 Jorgrun
Orc:1 3 runed translucent doors, kazak's ghost, journeyman OpFE


Innate Abilities, Weirdness & Mutations

You are immune to poison.
Your flesh is cold resistant. (rC+)
You are immune to negative energy. (rN+++)
You are immune to unholy pain and torment.
You are vulnerable to heat. (rF-)
You are strongly in touch with the powers of death.
You do not drink.
You have a special connection with the divine. (Faith)


Message History

Unknown command.
Casting: Sticky Flame (mildly dangerous; 3% risk of failure)
Confirm with . or Enter, or press ? or * to list all spells.
Aiming: Sticky Flame (mildly dangerous; 3% risk of failure)
Press: ? - help, Shift-Dir - straight line, f/p - enormous slime creature
Aim: an enormous slime creature (moderately wounded)
The sticky flame hits the enormous slime creature!
The enormous slime creature is moderately wounded.
The enormous slime creature burns!
The enormous slime creature barely misses you.
Unknown command.
Unknown command.
The enormous slime creature burns!
The enormous slime creature shakes off the sticky flame as it moves.
Unknown command.
Casting: Sticky Flame (mildly dangerous; 3% risk of failure)
Confirm with . or Enter, or press ? or * to list all spells.
Aiming: Sticky Flame (mildly dangerous; 3% risk of failure)
Press: ? - help, Shift-Dir - straight line, f/p - enormous slime creature
Aim: an enormous slime creature (moderately wounded)
The sticky flame hits the enormous slime creature!
The enormous slime creature is moderately wounded.
The enormous slime creature burns!
Unknown command.
Unknown command.
The enormous slime creature burns!
The enormous slime creature shakes off the sticky flame as it moves.
The enormous slime creature attacks as it pursues you!
The enormous slime creature hits you!!!
You hear a shout!
Unknown command.
Casting: Sticky Flame (mildly dangerous; 3% risk of failure)
Confirm with . or Enter, or press ? or * to list all spells.
Okay, then.
As you read the scroll of teleportation, it crumbles to dust.
You feel strangely unstable.
The enormous slime creature hits you!!!!
Ouch! That really hurt!
You die...
Your body crumbles into a pile of gold.

#.# #.# #.# #.#
####+### #.# #...#...
#.8.#.≈.
#...#...##########
####.######....J@...#
#...........#######.#
..##♣♣♣♣♣##.# .#♣ #.#
#~♣ P.# ♣~P~ ~♣♣#
..~~.~ ~~ .........
.........


You could see an enormous slime creature.

Vanquished Creatures
  Kirke (Lair:3)
  Agnes (D:14)
  An azure jelly (IceCv)
  3 quicksilver oozes (IceCv)
  An eleionoma (Lair:2)
  Josephine (D:15)
  An entropy weaver (shapeshifter) (Lair:5)
  5 hydras
  3 centaur warriors
  A death knight (D:14)
  2 dancing weapons (D:14)
  5 two-headed ogres
  6 boulder beetles
  A tengu warrior (D:14)
  8 death yaks
  2 thrashing horrors (Lair:5)
  Sonja (Lair:3)
  5 skeletal warriors (D:14)
  A fire crab (shapeshifter) (Lair:5)
  4 skysharks
  3 orc knights
  2 deep elf pyromancers
  5 ugly things
  Maurice (D:10)
  2 cyclopes
  A manticore (D:15)
  2 meliai (shapeshifter)
  10 elephants
  2 large abominations (Lair:5)
  2 kobold blastminers (Orc:1)
  3 black mambas
  A guardian serpent (Lair:3)
  A smoke demon (Lair:5)
  3 ice statues (IceCv)
  8 cane toads
  A torpor snail (Lair:1)
  11 komodo dragons
  10 rime drakes
  An unseen horror (D:12)
  An ancient zyme (Abyss:3)
  A freezing wraith (D:14)
  3 polar bears
  A troll (Orc:2)
  A tarantella (shapeshifter) (D:15)
  A hornet (D:9)
  45 blink frogs
  3 raiju (Abyss:3)
  10 dream sheep
  24 slime creatures
  Sigmund (D:2)
  50 yaks
  A ynoxinul (Lair:5)
  A water elemental (D:12)
  2 shadows
  6 wyverns
  3 vampires
  2 hogs (Lair:3)
  A steam dragon (D:7)
  2 wargs (Orc:1)
  8 wraiths
  2 humans (Lair:3)
  8 basilisks
  6 vampire mosquitoes
  A chaos spawn (Lair:5)
  3 acid dragons
  4 great orb of eyes simulacra (IceCv)
  14 water moccasins
  An ice beast (D:8)
  22 orc warriors
  A sky beast (D:7)
  A black bear (D:6)
  A laughing skull (Abyss:3)
  8 small abominations (Lair:5)
  2 ogres (Orc:2)
  7 centaurs
  16 wolves
  A slime creature simulacrum (IceCv)
  A phantom (D:4)
  An elf zombie (Ossuary)
  10 bullfrogs
  4 kobold brigands
  A scorpion (D:6)
  2 gnoll sergeants (D:7)
  2 glowing shapeshifter simulacra (IceCv)
  4 wights (D:8)
  4 killer bees (D:8)
  3 howler monkeys (D:9)
  2 electric eels (D:12)
  3 bombardier beetles
  A hound (D:4)
  A human zombie (Ossuary)
  7 jellies
  14 orc priests
  A gnoll bouda (D:9)
  Ijyb (D:5)
  Jessica (D:2)
  5 iguanas
  17 orc wizards
  2 sleepcaps
  6 shapeshifter simulacra (IceCv)
  3 hound zombies (Ossuary)
  2 mummies (Ossuary)
  24 gnolls
  3 adders
  A shadow imp (D:5)
  2 white imps
  3 ufetubi
  64 orcs
  5 ball pythons
  4 endoplasms
  3 giant cockroaches
  A gnoll zombie (Ossuary)
  4 goblins
  15 hobgoblins
  4 jackals (D:2)
  24 kobolds
  A quokka (D:2)
  5 bats
  3 frilled lizards
  A goblin zombie (Ossuary)
  A jackal zombie (Ossuary)
  An orc zombie (Ossuary)
  2 rats (D:2)
  A rat zombie (Ossuary)
657 creatures vanquished.

Vanquished Creatures (collateral kills)
  An elf zombie (Ossuary)
  A gnoll bouda (D:7)
  An orc priest (D:6)
  An orc (D:6)
  A goblin zombie (Ossuary)
5 creatures vanquished.

Vanquished Creatures (others)
  A slime creature (D:9)
  A bullfrog (D:8)
  An orc priest (D:6)
  2 mummies (Ossuary)
5 creatures vanquished.

Grand Total: 667 creatures vanquished

Notes
Turn   | Place    | Note
-------+----------+-------------------------------------------
     0 | D:1      | Amplified the Mummy Alchemist began the quest for the Orb.
     0 | D:1      | Reached XP level 1. HP: 13/13 MP: 4/4
   439 | D:1      | Found a faded altar of an unknown god.
   441 | D:1      | Reached skill level 3 in Spellcasting
   468 | D:1      | Reached XP level 2. HP: 16/20 MP: 4/6
   978 | D:2      | Reached skill level 1 in Fighting
  1011 | D:2      | Noticed Sigmund
  1013 | D:2      | Learned a level 2 spell: Mercury Vapours
  1240 | D:2      | Noticed Jessica
  1253 | D:2      | Killed Jessica
  1254 | D:2      | Reached skill level 1 in Maces & Flails
  1254 | D:2      | Reached XP level 3. HP: 26/26 MP: 2/7
  1517 | D:3      | Reached XP level 4. HP: 29/32 MP: 4/9
  1966 | D:4      | Found Ciushoug's Weapon Emporium.
  2025 | D:4      | Found a sacrificial altar of Ru.
  2415 | D:4      | Found Jojoep's Firing Range.
  2527 | D:4      | Reached skill level 1 in Polearms
  2527 | D:4      | Reached skill level 4 in Spellcasting
  2527 | D:4      | Reached XP level 5. HP: 38/38 MP: 3/11
  2713 | D:4      | Noticed a phantom
  2732 | D:4      | Killed a phantom
  2733 | D:4      | Reached XP level 6. HP: 36/46 MP: 12/12
  2820 | D:4      | Identified a scroll of acquirement
  2820 | D:4      | Acquired the +6 lajatang of Woe {flame, *Rage Fly rElec
                  | Dex+5}
  2925 | D:5      | Entered Level 5 of the Dungeon
  3034 | D:5      | Noticed a water moccasin
  3038 | D:5      | Killed a water moccasin
  3039 | D:5      | Reached skill level 1 in Staves
  3039 | D:5      | Reached skill level 5 in Spellcasting
  3248 | D:5      | Found a radiant altar of Vehumet.
  3254 | D:5      | Found an ornate altar of the Wu Jian Council.
  3277 | D:5      | Noticed Ijyb
  3331 | D:5      | Killed Ijyb
  3332 | D:5      | Reached XP level 7. HP: 38/52 MP: 14/14
  4204 | D:6      | Found a staircase to the Ecumenical Temple.
  4214 | Temple   | Entered the Ecumenical Temple
  4221 | Temple   | Became a worshipper of Gozag Ym Sagoz the Greedy
  4323 | D:6      | Reached skill level 6 in Spellcasting
  4442 | D:6      | Reached XP level 8. HP: 49/61 MP: 17/17
  4451 | D:6      | Found a sand-covered staircase.
  4473 | Ossuary  | Entered an ossuary
  5203 | D:6      | Reached skill level 5 in Fighting
  5203 | D:6      | Reached skill level 5 in Alchemy
  5933 | D:3      | Reached skill level 7 in Spellcasting
  6403 | D:2      | Killed Sigmund
  6818 | D:7      | Reached XP level 9. HP: 39/69 MP: 20/20
  7279 | D:8      | Reached skill level 8 in Spellcasting
  7715 | D:7      | Reached skill level 5 in Staves
  7795 | D:7      | Learned a level 4 spell: Olgreb's Toxic Radiance
  8009 | D:7      | Reached skill level 9 in Spellcasting
  8281 | D:7      | Noticed a deep elf pyromancer
  8460 | D:7      | Killed a deep elf pyromancer
  8461 | D:7      | Reached XP level 10. HP: 69/79 MP: 8/23
  8784 | D:8      | Found a shimmering altar of Xom.
  9319 | D:10     | Entered Level 10 of the Dungeon
  9488 | D:10     | Learned a level 4 spell: Sticky Flame
  9590 | D:10     | Noticed Maurice
  9814 | D:10     | Noticed Erolcha
  9816 | Abyss:2  | Cast into level 2 of the Abyss (Erolcha)
  9837 | Abyss:2  | Noticed a large abomination
  9892 | Abyss:3  | Noticed a demonic crawler
  9893 | Abyss:3  | Noticed a thrashing horror
  9917 | Abyss:3  | Noticed a spatial maelstrom
  9935 | Abyss:3  | Reached skill level 10 in Spellcasting
  9949 | Abyss:3  | Reached skill level 1 in Fire Magic
  9981 | Abyss:3  | Noticed a starcursed mass
  9986 | D:10     | Escaped the Abyss
 10501 | D:9      | Found a staircase to the Lair.
 11122 | D:9      | Reached XP level 11. HP: 87/87 MP: 25/25
 11658 | D:10     | Maurice stole a flux talisman
 11662 | D:10     | Killed Maurice
 12304 | D:11     | Noticed a two-headed ogre
 12320 | D:11     | Killed a two-headed ogre
 12321 | D:11     | Reached skill level 11 in Spellcasting
 12648 | D:11     | Noticed a boulder beetle
 12665 | D:11     | Killed a boulder beetle
 13653 | D:12     | Found a radiant altar of Vehumet.
 13727 | D:12     | Noticed a centaur warrior
 13789 | D:12     | Killed a centaur warrior
 13940 | D:12     | Found a staircase to the Orcish Mines.
 14246 | Orc:1    | Entered Level 1 of the Orcish Mines
 14267 | Orc:1    | Found a runed translucent gate.
 14267 | Orc:1    | Found a runed translucent gate.
 14267 | Orc:1    | Found a runed translucent gate.
 14268 | Orc:1    | Noticed an orc knight
 14268 | Orc:1    | Noticed a centaur warrior
 14270 | Orc:1    | Noticed an orc warlord
 14270 | Orc:1    | Noticed a naga warrior
 14270 | Orc:1    | Noticed a centaur warrior
 14271 | Orc:1    | Noticed a merfolk impaler
 14273 | Orc:1    | Identified the +7 battleaxe "Afyakuq" {drain, Fly rPois
                  | Will+ Str-2}
 14274 | Orc:1    | Found an iron altar of Okawaru.
 14274 | Orc:1    | Noticed kazak's ghost (journeyman OpFE)
 14285 | Orc:1    | Noticed an orc knight
 14301 | Orc:1    | Killed an orc knight
 14704 | Orc:1    | Reached XP level 12. HP: 59/97 MP: 4/27
 15052 | Orc:1    | Reached skill level 12 in Spellcasting
 15524 | Orc:2    | Entered Level 2 of the Orcish Mines
 15618 | Orc:2    | Found Feqaupp's Book Boutique.
 15618 | Orc:2    | Noticed a walking crystal tome
 15621 | Orc:2    | Noticed a walking frostbound tome
 15732 | Orc:2    | Bought a manual of Staves for 1280 gold pieces
 15827 | Orc:2    | Noticed a two-headed ogre
 15831 | Orc:2    | Noticed an ogre mage
 15835 | Orc:2    | Killed a two-headed ogre
 15835 | Orc:2    | Noticed a two-headed ogre
 15847 | Orc:2    | Killed a two-headed ogre
 15848 | Orc:2    | Reached skill level 10 in Fighting
 15848 | Orc:2    | Reached skill level 5 in Fire Magic
 16020 | Lair:1   | Entered Level 1 of the Lair of Beasts
 16464 | Lair:3   | Found a staircase to the Snake Pit.
 16603 | Lair:3   | You are sucked into a shaft and drop 1 floor!
 16620 | Lair:5   | Entered Level 5 of the Lair of Beasts
 16633 | Lair:5   | Reached skill level 1 in Armour
 16641 | Lair:5   | Reached skill level 13 in Spellcasting
 16678 | Lair:5   | Found a viscous altar of Jiyva.
 16679 | Lair:5   | Found a staircase to the Slime Pits.
 16754 | Lair:5   | Noticed a seven-headed hydra
 16759 | Lair:5   | Killed a five-headed hydra
 16770 | Lair:5   | Gained mutation: You are strongly in touch with the powers
                  | of death. [Mummy growth]
 16770 | Lair:5   | Reached XP level 13. HP: 67/105 MP: 8/30
 16922 | Lair:4   | Learned a level 3 spell: Frozen Ramparts
 17082 | Lair:5   | Reached skill level 10 in Staves
 17421 | Lair:5   | Reached skill level 14 in Spellcasting
 17556 | Lair:5   | Got an earthy gem with 2232 turns to spare
 17741 | Lair:5   | Reached XP level 14. HP: 88/114 MP: 15/32
 17748 | Lair:5   | Reached skill level 5 in Dodging
 18146 | Lair:4   | Reached skill level 5 in Armour
 18392 | Lair:3   | Noticed Kirke
 18398 | Lair:3   | Killed Kirke
 18680 | Lair:3   | Noticed Sonja
 18682 | Lair:3   | Killed Sonja
 18818 | Lair:2   | Reached skill level 15 in Spellcasting
 18826 | Lair:2   | Found a staircase to the Swamp.
 19671 | D:13     | Found a frozen archway.
 19693 | IceCv    | Entered an ice cave
 19759 | IceCv    | Noticed a quicksilver ooze
 19790 | IceCv    | Killed a quicksilver ooze
 20003 | IceCv    | Reached XP level 15. HP: 119/122 MP: 17/34
 20567 | IceCv    | Found a viscous altar of Jiyva.
 20567 | IceCv    | Noticed an azure jelly
 20578 | IceCv    | Killed an azure jelly
 20607 | IceCv    | Got the Compendium of Freezing
 20608 | IceCv    | Identified the ring "Gar Damo" {Will+ rCorr}
 20616 | IceCv    | Identified the +9 flail "Deaqyifu" {flame, rC+}
 21614 | D:14     | Noticed Agnes
 21620 | D:14     | Killed Agnes
 22030 | D:14     | Found a broken altar of Ashenzari.
 22481 | D:14     | Found a gate to the Vaults.
 22692 | D:15     | Entered Level 15 of the Dungeon
 22840 | D:15     | Reached skill level 16 in Spellcasting
 22855 | D:15     | Found a stormy altar of Qazlal.
 22933 | D:15     | Noticed Josephine
 22953 | D:15     | Killed Josephine
 23225 | D:15     | Noticed Jorgrun
 23316 | D:15     | Demolished by an enormous slime creature

Illustrated notes

Levels and vault maps discovered:
D:1:      psy_arrival_heroes, layout_basic, hellmonk_ecumenical_altar_zigzags
D:2:      layout_loops_ring, nicolae_eternal_life, uniq_sigmund, uniq_jessica
D:3:      layout_basic, kennysheep_generic_room_16
D:4:      layout_loops_corners, mainiacjoe_overflow_six_doors_small,
          serial_shops, shop, minivault_19, kennysheep_small_spiral,
          nrook_mini_backslash, nicolae_shop_firing_range
D:5:      layout_basic, elyvilon_altar_3, nicolae_overflow_squiral, nrook_uturn,
          grunt_decor_clamped, uniq_ijyb
D:6:      layout_basic, minmay_temple_entry_proselytizer,
          chequers_ossuary_entry_cave, minivault_1, st_stairs_2
D:7:      layout_rooms
D:8:      layout_loops_cross, kennysheep_mini_moat
D:9:      kennysheep_six_static_rooms, layout_irregular_city,
          grunt_decor_arrowhead
D:10:     layout_loops_corners, hangedman_decor_points, uniq_maurice,
          uniq_erolcha
D:11:     layout_grid_maze
D:12:     layout_basic, david_orc_4, fiery_altar_vehumet
D:13:     layout_basic, portal_ice_cave_rime, kennysheep_cross_bottleneck
D:14:     layout_cave_pods, erik_vaults_1, nicolae_wwwww,
          nicolae_ashenzari_skybound, uniq_agnes
D:15:     hangedman_depths_entry_try_elsewhere_first, layout_basic,
          serial_bayou_ford_a, minmay_misc_feat_cross, grunt_qazlal_sundering,
          uniq_josephine, uniq_jorgrun
Temple:   minmay_crystal_spiral_temple
Lair:1:   layout_long_grid, beast_lair_carwin_3, grunt_megastairs_5
Lair:2:   beargit_carnivore_pack, layout_gridlike,
          alex1729_swamp_entry_worm_eleionoma, grunt_megastairs_3,
          infiniplex_staircase_pool_2, lemuel_fruit_fields
Lair:3:   layout_cave_pods, minmay_snake_entry_spellcaster, lemuel_old_faithful,
          lemuel_fruit_fields, uniq_sonja, uniq_kirke
Lair:4:   layout_roguey, minmay_lair_drake_nest
Lair:5:   hellmonk_lair_end_abyssal_woods, layout_misc_corridors,
          minmay_slime_entry_pillars
Orc:1:    cheibrodos_orc_bank, layout_diamond_mine,
          gammafunk_ghost_fury_of_okawaru
Orc:2:    st_orc_town, layout_diamond_mine, ebering_ghost_disaster_area,
          serial_shops, nicolae_shop_mannequins, uniq_urug

Skill      XL: |  1  2  3  4  5  6  7  8  9 10 11 12 13 14 15 |
---------------+----------------------------------------------+-----
Spellcasting   | 3 4 5 6 7 9 10 11 13 14 15 16 | 16.1
Fighting       | 1 2 3 4 5 7 8 9 10 11 12 13 | 13.3
Maces & Flails | 1 |  1.1
Alchemy        | 3 4 5 6 7 8 |  8.4
Polearms       | 1 |  1.6
Staves         | 1 2 3 5 6 7 9 11 12 13 | 13.3
Fire Magic     | 2 4 5 6 |  6.6
Dodging        | 2 4 6 7 |  7.4
Armour         | 1 4 6 7 |  7.1
Stealth        | |  1.5
Conjurations   | |  0.7

Action                     |  1- 3 |  4- 6 |  7- 9 | 10-12 | 13-15 || total
---------------------------+-------+-------+-------+-------+-------++-------
  Melee: Whip              |    64 |       |       |       |       ||    64
         Unarmed           |     4 |       |       |       |       ||     4
         Spear             |     5 |    51 |       |       |       ||    56
         Lajatang          |       |    11 |   222 |   333 |   707 ||  1273
  Throw: Throwing net      |       |       |     2 |     3 |       ||     5
         Dart              |       |       |       |       |     2 ||     2
   Cast: Sting             |    20 |     8 |     5 |       |       ||    33
         Mercury Vapours   |     2 |     7 |     1 |     8 |     1 ||    19
         Olgreb's Toxic Ra |       |       |    14 |    91 |    75 ||   180
         Sticky Flame      |       |       |       |    22 |   123 ||   145
 Invoke: Potion Petition   |       |       |     2 |     2 |     4 ||     8
  Evoke: Wand              |       |       |    30 |    18 |     9 ||    57
    Use: Scroll            |     3 |     5 |    14 |     7 |     7 ||    36
   Stab: Sleeping          |     2 |     3 |     8 |       |       ||    13
         Distracted        |       |       |     7 |     2 |     6 ||    15
         Held in net/web   |       |       |       |     3 |       ||     3
 Armour: Robe              |    75 |    20 |   125 |    39 |       ||   259
         Ring mail         |       |       |       |   241 |   498 ||   739
  Dodge: Dodged            |    76 |    33 |   231 |   307 |   605 ||  1252
